 Dungeon Crawl Stone Soup version 0.26-a0-667-g92642533e4 (webtiles) character file.

Game seed: 11366139996597286517

175 marklar909 the Shield-Bearer (level 5, 0/43 HPs)
             Began as a Formicid Fighter on Oct 17, 2020.
             Slain by Eustachio
             ... wielding a +0 rapier
              (3 damage)
             ... on level 4 of the Dungeon.
             The game lasted 00:03:17 (2847 turns).

marklar909 the Shield-Bearer (Formicid Fighter)     Turns: 2847, Time: 00:03:18

Health: 0/43       AC: 10    Str: 21    XL:     5   Next: 85%
Magic:  5/5        EV:  6    Int:  7    God:
Gold:   154        SH: 10    Dex: 11    Spells: 4/4 levels left

rFire    + . .     SeeInvis +   p - +0 morningstar
rCold    . . .     Faith    .   c - +0 kite shield
rNeg     . . .     Spirit   .   q - +1 chain mail {rF+}
rPois    .         Reflect  .   (helmet unavailable)
rElec    .         Harm     .   (no cloak)
rCorr    .         Rampage  .   (no gloves)
MR       .....                  (no boots)
Stlth    ..........             (no amulet)
HPRegen  0.14/turn              (no ring)
MPRegen  0.09/turn              (no ring)

@: mighty
A: permanent stasis, dig shafts and tunnels, four strong arms, antennae 3
a: Dig, Shaft Self


You were on level 4 of the Dungeon.
You visited 1 branch of the dungeon, and saw 4 of its levels.

You collected 154 gold pieces.

Inventory:

Hand Weapons
 p - a +0 morningstar (weapon)
Armour
 c - a +0 kite shield (worn)
 q - a +1 chain mail of fire resistance (worn)
Jewellery
 r - an uncursed ring of ice {unknown}
Wands
 a - a wand of random effects (14)
 b - a wand of iceblast (7)
Scrolls
 e - 4 scrolls of remove curse {unknown}
 f - 6 scrolls of identify {unknown}
 h - a scroll of magic mapping {unknown}
 j - a scroll of blinking {unknown}
 k - a scroll of noise {unknown}
 n - 2 scrolls of teleportation {unknown}
Potions
 d - a potion of might
 g - 2 potions of heal wounds {unknown}
 i - 2 potions of haste {unknown}
 l - 2 potions of magic {unknown}
 m - a potion of stabbing {unknown}
 o - 2 potions of degeneration {unknown}


   Skills:
 + Level 4.3 Fighting
 + Level 3.5 Maces & Flails
 + Level 3.8 Armour
 + Level 0.7 Dodging
 + Level 4.8 Shields


You had 4 spell levels left.
You didn't know any spells.
Your spell library was empty.

Dungeon Overview and Level Annotations

Branches:
Dungeon (4/15)
 Temple: D:4-7

Altars:

Annotations:
D:4 Eustachio


Innate Abilities, Weirdness & Mutations

You cannot be hasted, slowed, berserked, paralysed or teleported.
You can dig through walls and to a lower floor.
Your four strong arms can wield two-handed weapons with a shield.
You have a pair of large antennae on your head. (SInv)


Message History

The hound barely misses you.
The quokka bites you but does no damage.
You block Eustachio's attack. The hound bites you but does no damage.
The orc barely misses you. You block the quokka's attack.
Unknown command.
You barely miss the hound.
The hound is almost dead.
The hound bites you but does no damage. Eustachio hits you but does no damage.
The quokka bites you but does no damage.
The orc barely misses you. You block the hound's attack.
You block the quokka's attack.
Eustachio gestures wildly while chanting.
The orc hits you but does no damage. The hound bites you but does no damage.
You closely miss the hound.
The hound is almost dead.
The hound bites you.
* * * LOW HITPOINT WARNING * * *
The quokka bites you but does no damage.
Eustachio hits you with a +0 rapier.
You die...

###..### #.# #......#
#.# #...{..## #.#
##.###...####.#
#######..###.#......# .
#............#####..##.
#..######..#### ###...
####.5# ##.#. #r@@r5#
#..# #o#h###########.##
#..{S# #..........#
....### #..........##
.##.# #...........> ..
#. #.......<...# # ..
#....<.....## #.#
#.)..........#
..#####.######


You could see Eustachio, a hound, a crimson imp (summoned), an adder, a river
rat (summoned), a white imp (summoned), an orc and a quokka (summoned).

Vanquished Creatures
  Terence (D:3)
  Robin (D:3)
  2 adders
  2 oozes
  5 worms
  A dart slug (D:1)
  5 leopard geckos
  3 orcs (D:3)
  A giant cockroach (D:2)
  17 goblins
  9 hobgoblins
  7 kobolds
  A quokka (D:2)
  14 bats
  10 frilled lizards
  A jackal skeleton (D:3)
  7 rats
87 creatures vanquished.

Vanquished Creatures (others)
  A plant (D:1)
1 creature vanquished.

Grand Total: 88 creatures vanquished

Notes
Turn   | Place    | Note
-------+----------+-------------------------------------------
     0 | D:1      | marklar909 the Formicid Fighter began the quest for the
                  | Orb.
     0 | D:1      | Reached XP level 1. HP: 18/18 MP: 1/1
   112 | D:1      | Reached XP level 2. HP: 24/24 MP: 2/2
   243 | D:1      | Reached XP level 3. HP: 25/29 MP: 3/3
   985 | D:1      | Reached XP level 4. HP: 18/36 MP: 4/4
  1935 | D:3      | Reached XP level 5. HP: 39/41 MP: 5/5
  2065 | D:3      | Noticed Terence
  2073 | D:3      | Killed Terence
  2366 | D:3      | Noticed Robin
  2635 | D:3      | Killed Robin
  2815 | D:4      | Noticed Eustachio
  2847 | D:4      | Slain by Eustachio

Illustrated notes

Levels and vault maps discovered:
D:1:      mainiacjoe_arrival_reflecting_pool, layout_basic, minmay_lizard_king
D:2:      layout_basic
D:3:      layout_rooms, uniq_terence, uniq_robin
D:4:      layout_rooms, uniq_eustachio

Skill      XL: |  1  2  3  4  5 |
---------------+----------------+-----
Shields        | 4 |  4.8
Maces & Flails | 3 |  3.5
Fighting       | 4 |  4.3
Armour         | |  3.8
Dodging        | |  0.7

Action                   |  1- 3 |  4- 6 || total
-------------------------+-------+-------++-------
Melee: Flail             |   181 |   112 ||   293
       Morningstar       |       |    67 ||    67
  Use: Potion            |       |     1 ||     1
Armor: Scale mail        |   111 |    73 ||   184
       Chain mail        |       |    68 ||    68
Dodge: Dodged            |    78 |    90 ||   168
Block: Kite shield       |   149 |   139 ||   288

Table legend: (Time is in decaauts)
 A = Elapsed time spent in this place.
 B = Non-inter-level travel time spent in this place.
 C = Inter-level travel time spent in this place.
 D = Time resting spent in this place.
 E = Time spent auto-exploring this place.
 F = Levels seen in this place.
 G = Mean time per level.
                   A        B        C        D        E       F      G
               +--------+--------+--------+--------+--------+-----+--------+
         Total |   2972 |   2872 |    100 |    442 |   1658 |   4 |  743.0 |
       Dungeon |   2972 |   2872 |    100 |    442 |   1658 |   4 |  743.0 |
               +--------+--------+--------+--------+--------+-----+--------+

Top non-repeatable levels by time:
     D:1: 1279 daAuts
     D:2: 900 daAuts
     D:3: 696 daAuts
     D:4: 96 daAuts
